 Dungeon Crawl Stone Soup version 0.21.1-1-g345015f (webtiles) character file.

770 shakethe the Chopper (level 7, -2/56 HPs)
             Began as a Demonspawn Gladiator on Feb 27, 2018.
             Slain by a centaur
             ... wielding a cursed +0 shortbow
              (4 damage)
             ... on level 6 of the Dungeon.
             The game lasted 00:07:26 (6076 turns).

shakethe the Chopper (Demonspawn Gladiator)         Turns: 6076, Time: 00:07:26

Health: -2/56      AC:  4    Str: 14    XL:     7   Next: 53%
Magic:  7/7        EV: 14    Int: 17    God:
Gold:   198        SH:  0    Dex: 14    Spells: 6/6 levels left

rFire    . . .     SeeInvis .   a - +1 war axe
rCold    + . .     Gourm    .   (no shield)
rNeg     . . .     Faith    .   b - +1 leather armour
rPois    .         Spirit   .   (helmet unavailable)
rElec    .         Reflect  .   (no cloak)
rCorr    .         Harm     .   (no gloves)
MR       .....                  (no boots)
Stlth    +.........             (no amulet)
HPRegen  0.18/turn              p - +5 ring of intelligence
MPRegen  0.10/turn              k - ring of ice {rC+, rF-}

@: no status effects
A: horns 3, fire resistance 1
a: no special abilities


You were on level 6 of the Dungeon.
You were not hungry.

You visited 1 branch of the dungeon, and saw 6 of its levels.

You collected 198 gold pieces.

Inventory:

Hand Weapons
 a - a +1 war axe (weapon)
Missiles
 d - 3 throwing nets {=f, !d}
Armour
 b - a +1 leather armour (worn)
 c - a +0 helmet
Jewellery
 k - a ring of ice (right hand) {rC+, rF-}
   (You found it on level 3 of the Dungeon)
 p - a +5 ring of intelligence (left hand)
   (You found it on level 4 of the Dungeon)
Wands
 h - a wand of scattershot (3)
   (You found it on level 5 of the Dungeon)
 s - a wand of random effects (32)
   (You found it on level 5 of the Dungeon)
Scrolls
 g - 3 scrolls of teleportation
 m - a scroll of enchant armour
 n - a scroll of amnesia
 r - 2 scrolls of blinking {!r}
 t - 3 scrolls of identify
 u - a scroll of enchant weapon
 w - a scroll of torment {unknown}
Potions
 e - a potion of haste {unknown}
 i - a potion of ambrosia {unknown}
 j - a potion of agility {unknown}
 l - 4 potions of curing
 o - a potion of might {unknown}
 q - a potion of brilliance
 v - a potion of berserk rage {unknown}
Comestibles
 f - 8 rations


   Skills:
 + Level 5.1 Fighting
 + Level 5.2 Axes
 - Level 1.7 Throwing
 + Level 5.1 Dodging


You had 6 spell levels left.
You didn't know any spells.

Dungeon Overview and Level Annotations

Branches:
Dungeon (6/15)
 Temple: D:4-7

Altars:
Elyvilon
Vehumet
The Shining One


Innate Abilities, Weirdness & Mutations

You have a pair of large horns on your head.
Your flesh is heat resistant. (rF+)


Message History

Done exploring.
You regained 11 hp, and now have 55/56 hp.
Done exploring.
Done exploring.
As you read the scroll labeled INEAME VING, it crumbles to dust.
You feel as if something is helping you.
It was a scroll of remove curse.
Drop what? 23/52 slots (_ for help) (? for menu, Esc to quit)
You are now empty-handed.
You drop a -2 war axe.
a - a +1 war axe (weapon)
Unknown command.
Done exploring.
No target in view!
Done exploring.
Done exploring.
Health restored: 56 Done exploring.
Done exploring.
Done exploring.
(D) Dungeon
Where to? (Enter - D:5, ? - help)
There is a stone staircase leading up here.
There is a stone staircase leading down here.
You climb downwards.
Found a stone staircase leading up.
There is a stone staircase leading up here.
There is a stone staircase leading up here.
w - a scroll labeled GEPHIA FAUTZ No target in view!
A bullfrog comes into view.
The bullfrog hits you but does no damage. x2
You slash the bullfrog! The bullfrog closely misses you.
The bullfrog misses you.
You closely miss the bullfrog. The bullfrog closely misses you.
The bullfrog barely misses you.
You closely miss the bullfrog. Your headbutt misses the bullfrog.
The bullfrog hits you.
You take 5 damage, and have 51/56 hp.
You hit the bullfrog. Your headbutt misses the bullfrog.
The bullfrog barely misses you. The bullfrog misses you.
You closely miss the bullfrog. You headbutt the bullfrog.
The bullfrog closely misses you. The bullfrog barely misses you.
You hit the bullfrog. Your headbutt misses the bullfrog.
The bullfrog barely misses you. The bullfrog hits you.
You take 5 damage, and have 47/56 hp.
You closely miss the bullfrog. The bullfrog hits you!
The bullfrog hits you but does no damage.
You take 8 damage, and have 39/56 hp.
You hit the bullfrog. The bullfrog closely misses you. The bullfrog misses you.
You slash the bullfrog!
You kill the bullfrog!
No target in view!
You start resting.
You are feeling hungry.
You regained 3 hp, and now have 43/56 hp.
You start resting.
A centaur comes into view.
You regained 12 hp, and now have 55/56 hp.
You see here a bullfrog corpse.
You butcher the bullfrog corpse.
You see here 2 chunks of flesh {@w0@w0}.
Eat one of 2 chunks of flesh {@w0@w0}? (ye/n/q)
You eat one of the 2 chunks of flesh {@w0@w0}.
The centaur shouts!
The centaur wields a shortbow.
The centaur shoots an arrow.
The arrow hits you!
You take 10 damage, and have 45/56 hp.
Found an escape hatch in the floor.
The centaur shoots an arrow.
The arrow hits you.
You hear a shout!
You see here an arrow.
You take 5 damage, and have 41/56 hp.
The centaur shoots an arrow.
The arrow hits you!
An orc comes into view. It is wielding a flail.
You see here an arrow.
You take 13 damage, and have 28/56 hp.
MASSIVE DAMAGE!!
The centaur hits you with a shortbow. x2
You take 4 damage, and have 24/56 hp.
You slash the centaur! The centaur hits you with a shortbow!
* * * LOW HITPOINT WARNING * * *
You take 8 damage, and have 16/56 hp.
You barely miss the centaur. Your headbutt misses the centaur.
The centaur hits you but does no damage.
The centaur hits you with a shortbow!
* * * LOW HITPOINT WARNING * * *
You take 7 damage, and have 9/56 hp.
You slash the centaur! Your headbutt misses the centaur.
The centaur misses you.
The centaur hits you but does no damage.
You barely miss the centaur. The centaur hits you with a shortbow.
* * * LOW HITPOINT WARNING * * *
You take 2 damage, and have 7/56 hp.
You hit the centaur but do no damage. The centaur completely misses you.
The centaur barely misses you.
You hit the centaur.
You headbutt the centaur, but do no damage.
The centaur hits you with a shortbow.
* * * LOW HITPOINT WARNING * * *
The centaur hits you with a shortbow.
You die...

#....................
..#.###.#####..#.#.#
.....#.#####..###.#
#. ....<...........#
# ..o.##.##..#####
#.#.##.##..#
#.#...o....#
#.##c##..# #((@.....#
####..(..# ##....#
#....# #....# .....#
..#....> ##.##.##P #
.#


You could see a centaur and an orc.

Vanquished Creatures
  An ogre (D:5)
  A bullfrog (D:6)
  2 crimson imps (D:5)
  2 bullfrog skeletons
  A centaur skeleton (D:5)
  An orc wizard (D:5)
  Natasha (thrice) (D:4)
  3 worker ants (D:4)
  A worker ant zombie (D:5)
  4 gnolls
  11 adders
  2 howler monkey skeletons (D:4)
  A shadow imp (D:5)
  A white imp (D:4)
  3 worms (D:2)
  4 leopard geckos
  7 orcs
  3 giant cockroaches
  4 goblins
  2 hobgoblins
  6 jackals
  7 kobolds
  3 quokkas
  2 bats
  6 frilled lizards
  A goblin skeleton (D:4)
  A goblin zombie (D:4)
  A hobgoblin zombie (D:4)
  A jackal skeleton (D:4)
  3 kobold skeletons (D:4)
  A kobold zombie (D:4)
  A leopard gecko zombie (D:5)
  An orc skeleton (D:4)
  10 rats
101 creatures vanquished.

Vanquished Creatures (others)
  A bullfrog skeleton (D:2)
  A hobgoblin (D:2)
  A kobold (D:2)
3 creatures vanquished.

Grand Total: 104 creatures vanquished

Notes
Turn   | Place    | Note
-------+----------+-------------------------------------------
     0 | D:1      | shakethe the Demonspawn Gladiator began the quest for the Orb.
     0 | D:1      | Reached XP level 1. HP: 16/16 MP: 1/1
    97 | D:1      | Gained mutation: You have a pair of small horns on your head. [demonic ancestry]
    97 | D:1      | Reached XP level 2. HP: 20/22 MP: 2/2
   158 | D:1      | You fall through a shaft!
   172 | D:2      | Reached skill level 3 in Axes
   172 | D:2      | Reached skill level 3 in Dodging
   209 | D:2      | HP: 5/23 [poisoned by an adder]
   209 | D:2      | HP: 1/23 [adder (4)]
   229 | D:3      | HP: 5/23 [poisoned by an adder]
   230 | D:3      | Gained mutation: You have a pair of horns on your head. [demonic ancestry]
   230 | D:3      | Reached XP level 3. HP: 6/28 MP: 3/3
   237 | D:3      | HP: 5/28 [poisoned by an adder]
   651 | D:2      | Reached skill level 3 in Fighting
   651 | D:2      | Reached XP level 4. HP: 35/35 MP: 4/4
   728 | D:2      | Found a radiant altar of Vehumet.
   836 | D:2      | HP: 5/35 [gnoll/spear (5)]
  1184 | D:2      | Reached XP level 5. HP: 20/41 MP: 5/5
  2755 | D:4      | Reached skill level 4 in Axes
  2956 | D:4      | Reached skill level 4 in Dodging
  3351 | D:4      | Found a glowing golden altar of the Shining One.
  3580 | D:4      | Gained mutation: Your flesh is heat resistant. (rF+) [demonic ancestry]
  3580 | D:4      | Reached XP level 6. HP: 44/48 MP: 6/6
  3691 | D:4      | Reached skill level 4 in Fighting
  4240 | D:4      | Noticed Natasha
  4246 | D:4      | Killed Natasha
  4308 | D:4      | Noticed Natasha
  4319 | D:4      | Killed Natasha
  4935 | D:4      | Noticed Natasha
  4942 | D:4      | Killed Natasha
  4957 | D:5      | Entered Level 5 of the Dungeon
  5277 | D:5      | Gained mutation: You have a pair of large horns on your head. [demonic ancestry]
  5277 | D:5      | Reached XP level 7. HP: 54/55 MP: 7/7
  5416 | D:5      | Found a white marble altar of Elyvilon.
  5498 | D:5      | Reached skill level 5 in Axes
  5498 | D:5      | Reached skill level 5 in Dodging
  5818 | D:5      | Reached skill level 5 in Fighting
  6072 | D:6      | HP: 9/56 [centaur/shortbow (7)]
  6076 | D:6      | HP: 2/56 [centaur/shortbow (5)]
  6076 | D:6      | Slain by a centaur

Skill      XL: |  1  2  3  4  5  6  7 |
---------------+----------------------+-----
Axes           | 3 4 5 |  5.2
Dodging        | 3 4 5 |  5.1
Fighting       | 3 4 5 |  5.1
Throwing       | |  1.7

Action                   |  1- 3 |  4- 6 |  7- 9 || total
-------------------------+-------+-------+-------++-------
Melee: War axe           |    49 |   210 |    56 ||   315
       Headbutt          |     8 |    29 |     9 ||    46
Evoke: Wand              |       |       |     3 ||     3
  Use: Potion            |     2 |       |       ||     2
       Scroll            |     1 |     9 |     1 ||    11
 Stab: Sleeping          |     1 |       |       ||     1
  Eat: Chunk             |       |     7 |     3 ||    10
       Ration            |       |     2 |       ||     2
Armor: Leather armour    |    16 |    42 |    11 ||    69
Dodge: Dodged            |    52 |   194 |    47 ||   293

Vault maps used:
D:1:      evilmike_arrival_fibonacci_small, hangedman_decor_points,
          minmay_misc_feat_room, kennysheep_doodads, st_stairs_1
D:2:      fiery_altar_vehumet, first_ration, amethyst_killhole,
          minmay_octomino_j4
D:4:      nicolae_tso_besieged_by_evil, uniq_natasha
D:5:      minmay_statues_item, elyvilon_altar_5
D:6:      minmay_temple_entry_overgrown, basic_altar, uniq_blork_the_orc

Table legend:
 A = Turns spent in this place as a percentage of turns spent in the entire game.
 B = Non-inter-level travel turns spent in this place as a percentage of non-inter-level travel turns spent in the entire game.
 C = Inter-level travel turns spent in this place as a percentage of turns spent in this place.
 D = Turns resting spent in this place as a percentage of non-inter-level travel turns spent in this place.
 E = Turns spent auto-exploring this place as a percentage of non-inter-level travel turns spent in this place.
 F = Non-inter-level travel turns spent in this place divided by the number of levels of this place that you've seen.
                   A       B       C       D       E      F
               +-------+-------+-------+-------+-------+----------------------
         Total | 100.0 | 100.0 |   1.4 |  39.9 |  35.8 | 998.0
       Dungeon | 100.0 | 100.0 |   1.4 |  39.9 |  35.8 | 998.0
               +-------+-------+-------+-------+-------+----------------------

Table legend:
 A = Kills in this place as a percentage of kills in entire the game.
 B = Kills by you in this place as a percentage of kills by you in the entire game.
 C = Kills by friends in this place as a percentage of kills by friends in the entire game.
 D = Other kills in this place as a percentage of other kills in the entire game.
 E = Experience gained in this place as a percentage of experience gained in the entire game.
 F = Experience gained in this place divided by the number of levels of this place that you have seen.
                   A       B       C       D       E      F
               +-------+-------+-------+-------+-------+----------------------
         Total | 100.0 | 100.0 |   N/A | 100.0 | 100.0 | 183.5
       Dungeon | 100.0 | 100.0 |   N/A | 100.0 | 100.0 | 183.5
               +-------+-------+-------+-------+-------+----------------------
